 Dungeon Crawl Stone Soup version 0.29.1-2-gbd0b4ee654 (webtiles) character file.

Game seed: 10586345009625336134

1277 MisterFreud the Cruncher (level 8, -1/60 (62) HPs)
             Began as a Formicid Gladiator on Nov 2, 2022.
             Engulfed by a steam dragon's steam (7 damage)
             ... on level 7 of the Dungeon.
             The game lasted 00:06:35 (5030 turns).

MisterFreud the Cruncher (Formicid Gladiator)       Turns: 5030, Time: 00:06:35

HP:   -1/60 (62)    AC:  7    Str: 21    XL:     8   Next: 84%
MP:   17/17         EV: 12    Int:  8    God:
Gold: 402           SH:  7    Dex: 19    Spells: 7/7 levels left

rFire   . . .      SeeInvis +   a - +1 quarterstaff
rCold   . . .      Faith    .   k - +1 buckler
rNeg    + + .      Spirit   .   e - +1 ring mail of Hougalas {rN++ Regen+ MP+9 Dex+4}
rPois   +          Reflect  .   (helmet unavailable)
rElec   .          Harm     .   (no cloak)
rCorr   .          Rampage  .   (no gloves)
Will    .....                   (no boots)
Stlth   +.........              (no amulet)
HPRegen 1.00/turn               j - ring of poison resistance
MPRegen 0.15/turn               (no ring)

@: studying Staves, lightly drained
A: permanent stasis, dig shafts and tunnels, antennae 3, four strong arms
a: Dig, Shaft Self


You were on level 7 of the Dungeon.
You visited 1 branch of the dungeon, and saw 7 of its levels.

You collected 402 gold pieces.

Inventory:

Hand Weapons
 a - a +1 quarterstaff (weapon)
Missiles
 c - 3 throwing nets (quivered)
 l - 2 boomerangs
 m - 11 javelins
 x - 5 poisoned darts
Armour
 b - a +0 leather armour
 e - the +1 ring mail of Hougalas (worn) {rN++ Regen+ MP+9 Dex+4}
   (You acquired it on level 2 of the Dungeon)

   Dex:       It affects your dexterity (+4).
   rN:        It greatly protects you from negative energy.
   MP:        It affects your magic capacity (+9).
   Regen:     It increases your rate of health regeneration.
 k - a +1 buckler (worn)
Jewellery
 j - a ring of poison resistance (left hand)
 n - a ring of fire
Wands
 r - a wand of quicksilver (9)
 u - a wand of paralysis (13)
Scrolls
 g - a scroll of enchant weapon
 q - a scroll of magic mapping
 s - 2 scrolls of enchant armour
 v - a scroll of fog
Potions
 d - 2 potions of curing
 f - 4 potions of flight
 h - a potion of heal wounds
 i - a potion of ambrosia
 o - a potion of attraction
 p - a potion of mutation {unknown}
 t - a potion of lignification {unknown}
 z - a potion of might {unknown}


   Skills:
 - Level 5.0 Fighting
 - Level 10.0 Staves
 - Level 2.0 Throwing
 + Level 4.9 Armour
 - Level 2.6 Dodging
 - Level 4.0 Shields


You had 7 spell levels left.
You didn't know any spells.
Your spell library contained the following spells:

 Spells                   Type           Power      Damage    Failure   Level
 Apportation              Tloc           0%         N/A       63%         1
 Necrotise                Necr           0%         1d4       63%         1
 Shock                    Conj/Air       0%         1d3       63%         1
 Summon Small Mammal      Summ           0%         N/A       63%         1
 Call Canine Familiar     Summ           0%         N/A       94%         3
 Gell's Gravitas          Tloc           0%         N/A       94%         3
 Lesser Beckoning         Tloc           0%         N/A       94%         3
 Portal Projectile        Hex/Tloc       0%         N/A       94%         3
 Teleport Other           Tloc           0%         N/A       94%         3
 Airstrike                Air            0%         2d(0-16)  100%        4
 Animate Armour           Summ/Erth      0%         N/A       100%        4
 Corpse Rot               Necr/Pois/Air  0%         N/A       100%        4
 Dispel Undead            Necr           0%         3d6       100%        4
 Leda's Liquefaction      Hex/Erth       0%         N/A       100%        4
 Alistair's Intoxication  Tmut/Pois      0%         N/A       100%        5
 Blade Hands              Tmut           0%         N/A       100%        5
 Borgnjor's Vile Clutch   Necr/Erth      0%         N/A       100%        5
 Manifold Assault         Tloc           0%         N/A       100%        5
 Death Channel            Necr           0%         N/A       100%        6
 Dispersal                Tloc           0%         N/A       100%        6
 Eringya's Noxious Bog    Tmut/Pois      0%         N/A       100%        6
 Iron Shot                Conj/Erth      0%         9d1       100%        6
 Blink                    Tloc           Unusable   N/A       N/A         2
 Swiftness                Air            Unusable   N/A       N/A         3

Dungeon Overview and Level Annotations

Branches:
Dungeon (7/15)
 Temple: D:4-7

Altars:
Hepliaklqana
Uskayaw

Annotations:
D:4 2 runed translucent doors, yogakurto's ghost, weakling VSDe


Innate Abilities, Weirdness & Mutations

You cannot be hasted, slowed, berserked, paralysed or teleported.
You can dig through walls and to a lower floor.
You have a pair of large antennae on your head. (SInv)
Your four strong arms can wield two-handed weapons with a shield.


Message History

You hit the gnoll.
The gnoll is lightly wounded.
The gnoll hits you with a +0 whip. The steam dragon breathes steam at you.
The ball of steam hits the gnoll!
The ball of steam misses you.
The gnoll is engulfed in a cloud of scalding steam.
The gnoll dies!
The gnoll is engulfed in a cloud of scalding steam. x2
The gnoll dies!
You are engulfed in a cloud of scalding steam.
You see here a +1 whip of draining.
You completely miss the gnoll bouda.
The gnoll bouda is moderately wounded.
The gnoll bouda closely misses you.
You barely miss the gnoll bouda.
The gnoll bouda is moderately wounded.
The gnoll bouda hits you with a +0 club!
You thump the gnoll bouda!
The gnoll bouda is almost dead.
The gnoll bouda mumbles some strange prayers to its god.
The gnoll bouda is healed somewhat.
You closely miss the gnoll bouda.
The gnoll bouda is heavily wounded.
You barely miss the gnoll bouda.
The gnoll bouda is heavily wounded.
The gnoll bouda hits you with a +0 club!
You thump the gnoll bouda!
You kill the gnoll bouda!
The steam dragon breathes steam at you. The ball of steam hits you.
Are you sure you want to shaft yourself?
You are engulfed in a cloud of scalding steam.
* * * LOW HITPOINT WARNING * * *
The gnoll is no longer moving quickly.
The steam dragon breathes steam at you. The ball of steam hits you!
* * * LOW HITPOINT WARNING * * *
You begin to dig a shaft.
You continue digging a shaft.
You are engulfed in a cloud of scalding steam.
You die...

.............##
............##
.........#.##
...........##
./..........#
....##.....##
#######...##
#.D§.).##
#....{{#@..#
.....g.##.##
....... #.#
....... .##
.........
#........
......... .#.


You could see a steam dragon (catching breath).

Vanquished Creatures
  Grinder (D:3)
  A water moccasin (D:7)
  2 ice beasts
  A black bear (D:6)
  An ogre (D:5)
  A phantom (D:5)
  A bullfrog (D:6)
  A gnoll bouda (D:7)
  A jelly (D:6)
  2 hounds
  An orc priest (D:4)
  An iguana (D:6)
  2 orc wizards (D:4)
  2 gnolls (D:7)
  12 adders
  2 shadow imps
  A white imp (D:5)
  An ufetubus (D:6)
  4 dart slugs
  18 orcs
  4 endoplasms
  5 giant cockroaches
  7 goblins
  4 hobgoblins
  7 jackals
  2 quokkas
  8 ball pythons
  5 bats
  4 frilled lizards
  7 kobolds
  9 rats
118 creatures vanquished.

Vanquished Creatures (others)
  2 gnolls (D:7)
  6 fungi (D:3)
8 creatures vanquished.

Grand Total: 126 creatures vanquished

Notes
Turn   | Place    | Note
-------+----------+-------------------------------------------
     0 | D:1      | MisterFreud the Formicid Gladiator began the quest for the
                  | Orb.
     0 | D:1      | Reached XP level 1. HP: 16/16 MP: 1/1
   144 | D:1      | Found a faded altar of an unknown god.
   157 | D:1      | Reached XP level 2. HP: 21/22 MP: 2/2
   934 | D:1      | Reached skill level 4 in Staves
   934 | D:1      | Reached XP level 3. HP: 27/27 MP: 3/3
  1238 | D:2      | Reached skill level 1 in Shields
  1571 | D:2      | Reached XP level 4. HP: 29/33 MP: 4/4
  1953 | D:2      | Identified 2 scrolls of acquirement
  1953 | D:2      | Acquired a manual of Staves
  1960 | D:2      | Acquired the +1 ring mail of Hougalas {rN++ Regen+ MP+9
                  | Dex+4}
  2065 | D:3      | Found a hazy altar of Hepliaklqana.
  2105 | D:3      | Reached XP level 5. HP: 38/38 MP: 5/5
  2126 | D:3      | Reached skill level 5 in Staves
  2176 | D:3      | You fall into a shaft and drop 1 floor!
  2196 | D:3      | Found a hide-covered altar of Uskayaw.
  2458 | D:3      | Noticed Grinder
  2472 | D:3      | Killed Grinder
  2473 | D:3      | Reached skill level 6 in Staves
  2473 | D:3      | Reached skill level 1 in Armour
  2473 | D:3      | Reached XP level 6. HP: 39/46 MP: 6/6
  2933 | D:4      | Reached XP level 7. HP: 40/52 MP: 7/7
  3020 | D:4      | Reached skill level 7 in Staves
  3153 | D:4      | Found a large runed translucent door.
  3294 | D:4      | Found a large runed translucent door.
  3297 | D:4      | Noticed yogakurto's ghost (weakling VSDe)
  3445 | D:5      | Entered Level 5 of the Dungeon
  3489 | D:5      | Reached skill level 8 in Staves
  3683 | D:5      | Reached XP level 8. HP: 60/60 MP: 8/8
  4344 | D:6      | Reached skill level 9 in Staves
  4546 | D:6      | Identified the +3 ring mail of the Avant Garde God {Contam
                  | Harm rPois}
  4989 | D:7      | Reached skill level 5 in Fighting
  4989 | D:7      | Reached skill level 10 in Staves
  5030 | D:7      | Engulfed by a steam dragon's steam

Illustrated notes

Levels and vault maps discovered:
D:1:      evilmike_arrival_home_sweet_home, layout_basic,
          hellmonk_ecumenical_altar_lost_god
D:2:      layout_basic, serial_glass, glass_columns_b, glass_columns_b,
          nicolae_titane
D:3:      layout_loops_cross, mainiacjoe_overflow_tiny_flanked,
          mainiacjoe_overflow_six_doors_small, nicolae_hexahallways,
          dreamdust_mushroom_princess, uniq_grinder
D:4:      layout_cave_pools, ebering_ghost_disaster_area
D:5:      layout_basic, kennysheep_generic_room_7
D:6:      layout_loops_ring
D:7:      layout_cave_pools, minmay_temple_entry_hall, uniq_duvessa

Skill      XL: |  1  2  3  4  5  6  7  8 |
---------------+-------------------------+-----
Staves         | 4 6 8 10 | 10.0
Shields        | 1 2 3 4 |  4.0
Armour         | 1 2 3 4 |  4.9
Fighting       | 3 4 5 |  5.0
Throwing       | |  2.0
Dodging        | |  2.6

Action                   |  1- 3 |  4- 6 |  7- 9 || total
-------------------------+-------+-------+-------++-------
Melee: Quarterstaff      |    92 |   116 |   158 ||   366
Throw: Javelin           |       |     1 |       ||     1
 Abil: Shaft Self        |       |       |     1 ||     1
  Use: Scroll            |       |     9 |     9 ||    18
 Stab: Sleeping          |       |     1 |       ||     1
Armor: Leather armour    |    20 |     2 |       ||    22
       Ring mail         |       |    29 |    40 ||    69
Dodge: Dodged            |    70 |    62 |    69 ||   201
Block: Buckler           |     5 |    39 |    51 ||    95
